Map: 에메랄드 시티 - 래더

Players

nobody

  • Race: Protoss Protoss
  • League: Diamond
  • Spawn Location: 5:00

프로브뀨저글링뀨 - Winner!

  • Race: Zerg Zerg
  • League: Gold
  • Spawn Location: 11:00

VOD

Have the link to the VOD?

Description

Time

  • Played on: Aug. 9, 2020, 10:02 p.m.
  • Length: 4:49
Show
View Real Time Build Order
Export as new Build Order

nobody Protoss 

Build Orders:  

Get SALT Encoding   

  12  0:00  Probe  
  13  0:12  Probe  
  14  0:19  Pylon  
  14  0:24  Probe  
  15  0:38  Gateway  
  15  0:45  Probe (Chrono Boost)  
  15  0:47  Assimilator  
  17  0:58  Probe (Chrono Boost)  
  17  1:03  Probe (Chrono Boost)  
  18  1:12  Probe  
  19  1:24  Probe  
  19  1:25  Zealot (Chrono Boost), Cybernetics Core  
  22  1:35  Pylon  
  22  1:41  Probe  
  23  2:01  Nexus  
  23  2:06  Adept (Chrono Boost)  
  25  2:19  Shield Battery  
  25  2:31  Stargate  
  25  2:37  Adept  
  27  2:50  Probe  
  28  3:00  Assimilator  
  28  3:02  Probe  
  29  3:07  Stalker  
  31  3:14  Probe (Chrono Boost)  
  31  3:18  Probe (Chrono Boost)  
  33  3:25  Probe (Chrono Boost)  
  33  3:26  Pylon  
  35  3:29  Probe (Chrono Boost)  
  35  3:30  Probe (Chrono Boost)  
  35  3:32  Void Ray  
  40  3:36  Assimilator  
  40  3:43  Probe  
  40  3:44  Probe  
  42  3:54  Pylon  
  42  3:55  Probe  
  43  4:01  Stalker  
  45  4:07  Probe  
  46  4:12  Void Ray (Chrono Boost)  
  50  4:19  Probe  
  51  4:25  Probe  
  50  4:31  Probe  
  50  4:37  Probe  
  50  4:41  Stargate  
  51  4:45  Assimilator  
Show
View Real Time Build Order
Export as new Build Order

프로브뀨저글링뀨 Zerg - Winner!

Build Orders: Pool First 

Get SALT Encoding   

  12  0:00  Drone  
  13  0:10  Drone  
  14  0:16  Overlord  
  14  0:35  Drone x3  
  17  0:47  Spawning Pool  
  17  0:49  Drone  
  17  0:56  Drone  
  18  1:02  Extractor  
  17  1:19  Hatchery  
  16  1:34  Zergling x2  
  16  1:35  Zergling x4  
  16  1:38  Queen  
  21  1:51  Overlord  
  21  1:57  Drone  
  22  2:11  Drone  
  22  2:12  Roach Warren  
  22  2:20  Drone  
  23  2:32  Drone  
  23  2:33  Drone  
  22  2:59  Roach  
  22  3:00  Roach x5  
  22  3:03  Drone  
  35  3:12  Overlord  
  35  3:27  Overlord x2  
  35  3:29  Queen  
  35  3:33  Drone  
  38  3:35  Drone x2  
  38  3:40  Overlord  
  40  3:49  Roach  
  40  3:50  Roach  
  40  3:54  Roach  
  46  4:07  Roach  
  46  4:08  Roach x2  
  52  4:17  Roach  
  52  4:18  Roach  
Tags
 
Add a new tag
Caveats
  • Supply blocks, unpowered buildings, or Contaminate may cause inaccurate times.
  • Supply counts are checked every 10 seconds.